 Dungeon Crawl Stone Soup version 0.28.0 (webtiles) character file.

Game seed: 3834627083035610431

29 hikkokomori the Skirmisher (level 3, -4/30 HPs)
             Began as a Formicid Fighter on Feb 9, 2022.
             Slain by Crazy Yiuf (13 damage)
             ... on level 2 of the Dungeon.
             The game lasted 00:01:00 (1281 turns).

hikkokomori the Skirmisher (Formicid Fighter)       Turns: 1281, Time: 00:01:01

Health: -4/30      AC:  6    Str: 22    XL:     3   Next: 32%
Magic:  3/3        EV:  9    Int:  7    God:
Gold:   64         SH:  4    Dex: 10    Spells: 2/2 levels left

rFire   . . .      SeeInvis +   a - +0 quarterstaff
rCold   . . .      Faith    .   c - +0 buckler
rNeg    . . .      Spirit   .   b - +0 scale mail
rPois   .          Reflect  .   (helmet unavailable)
rElec   .          Harm     .   (no cloak)
rCorr   .          Rampage  .   (no gloves)
Will    .....                   (no boots)
Stlth   ..........              (no amulet)
HPRegen 0.10/turn               (no ring)
MPRegen 0.08/turn               (no ring)

@: no status effects
A: permanent stasis, dig shafts and tunnels, antennae 3, four strong arms
a: Dig, Shaft Self


You were on level 2 of the Dungeon.
You visited 1 branch of the dungeon, and saw 2 of its levels.

You collected 64 gold pieces.

Inventory:

Hand Weapons
 a - a +0 quarterstaff (weapon)
Armour
 b - a +0 scale mail (worn)
 c - a +0 buckler (worn)
Wands
 i - a wand of paralysis (6)
Scrolls
 e - a scroll of identify {unknown}
 g - a scroll of fear {unknown}
Potions
 d - a potion of might
 f - 2 potions of heal wounds {unknown}
 h - 2 potions of invisibility {unknown}


   Skills:
 + Level 4.0 Fighting
 + Level 2.8 Staves
 - Level 3.2 Armour
 - Level 3.6 Shields


You had 2 spell levels left.
You didn't know any spells.
Your spell library was empty.

Dungeon Overview and Level Annotations

Branches:
Dungeon (2/15)

Altars:

Annotations:
D:2 Crazy Yiuf


Innate Abilities, Weirdness & Mutations

You cannot be hasted, slowed, berserked, paralysed or teleported.
You can dig through walls and to a lower floor.
You have a pair of large antennae on your head. (SInv)
Your four strong arms can wield two-handed weapons with a shield.


Message History

The adder poisons you! The adder bites you but does no damage.
You closely miss the adder.
You feel sick. The adder closely misses you.
You barely miss the adder.
You feel sick.
The adder bites you but does no damage. x2
You hit the adder but do no damage.
You feel sick. The adder bites you but does no damage.
You sock the adder!
You kill the adder!
You feel sick.
Your Fighting skill increases to level 4!
No target in view!
You feel sick.
You are no longer poisoned.
You sense a monster nearby.
HP restored.
You see here an adder corpse.
You now have 64 gold pieces (gained 17).
Found a mace.
Found a mace.
Found a runed translucent door.
Crazy Yiuf shouts!
You sense a monster nearby.
You open the door. You hit Crazy Yiuf.
Crazy Yiuf is moderately wounded.
Crazy Yiuf hits you with a +4 quarterstaff of chaos.
Crazy Yiuf freezes you.
You sock Crazy Yiuf!
Crazy Yiuf is almost dead.
Crazy Yiuf hits you with a +4 quarterstaff of chaos.
You hit Crazy Yiuf but do no damage.
Crazy Yiuf is almost dead.
You block Crazy Yiuf's attack.
You barely miss Crazy Yiuf.
Crazy Yiuf is almost dead.
Crazy Yiuf hits you with a +4 quarterstaff of chaos!
* * * LOW HITPOINT WARNING * * *
You barely miss Crazy Yiuf.
Crazy Yiuf is almost dead.
Crazy Yiuf hits you with a +4 quarterstaff of chaos!
You die...

####### #....>. #......
#...... #...... ###♣♣♣♣♣
#...... ##)+..♣.♣♣♣ ###
#......
##......♣..♣#...#
####......
#......♣♣♣♣@g...#
#..)...... #...+.♣♣
♣♣#..)# #..#......
#.###♣♣ ### #..#.#.#..
#.# ##...#.### #.#
##..#.# #.#
###########...#.#
#.########........#..###
#............##.......#
##########...##...#####


You could see Crazy Yiuf.

Vanquished Creatures
  An adder (D:2)
  An endoplasm (D:1)
  3 giant cockroaches (D:1)
  2 goblins
  A hobgoblin (D:2)
  2 kobolds
  A quokka (D:1)
  3 ball pythons (D:1)
  2 bats (D:1)
  2 frilled lizards
  A rat (D:1)
19 creatures vanquished.

Notes
Turn   | Place    | Note
-------+----------+-------------------------------------------
     0 | D:1      | hikkokomori the Formicid Fighter began the quest for the
                  | Orb.
     0 | D:1      | Reached XP level 1. HP: 18/18 MP: 1/1
   451 | D:1      | Reached XP level 2. HP: 24/24 MP: 2/2
  1110 | D:2      | Reached XP level 3. HP: 30/30 MP: 3/3
  1150 | D:2      | Reached skill level 4 in Fighting
  1272 | D:2      | Found a runed translucent door.
  1273 | D:2      | Noticed Crazy Yiuf
  1281 | D:2      | Slain by Crazy Yiuf

Illustrated notes

Levels and vault maps discovered:
D:1:      dpeg_arrival_prison, layout_basic, grunt_decor_cap
D:2:      minmay_general_purpose_star, layout_rooms,
          shapermc_ecumenical_altar_hornbeckon, mrwooster_statue_mirror,
          uniq_crazy_yiuf_cottage

Skill      XL: |  1  2  3 |
---------------+----------+-----
Fighting       | 4 |  4.0
Staves         | |  2.8
Armour         | |  3.2
Shields        | |  3.6

Action                   || total
-------------------------++-------
Melee: Quarterstaff      ||    65
Armor: Scale mail        ||    29
Dodge: Dodged            ||    23
Block: Buckler           ||    11
